 Dungeon Crawl Stone Soup version 0.22-a0-117-g314b90714a (webtiles) character file.

53 Ordine the Magician (level 3, -2/28 HPs)
             Began as a Deep Elf Wizard on Jan 29, 2018.
             Slain by Sigmund
             ... wielding a +0 scythe
              (12 damage)
             ... on level 2 of the Dungeon.
             The game lasted 00:04:56 (1414 turns).

Ordine the Magician (Deep Elf Wizard)               Turns: 1414, Time: 00:04:56

Health: -2/28      AC:  4    Str:  6 (9)  XL:     3   Next: 62%
Magic:  2/11       EV: 13    Int: 20 (23) God:
Gold:   28         SH:  0    Dex: 12 (13) Spells: 2/11 levels left

rFire    . . .     SeeInvis .   (no weapon)
rCold    . . .     Gourm    .   (no shield)
rNeg     . . .     Faith    .   a - +0 robe
rPois    +         Spirit   .   b - +0 hat
rElec    .         Reflect  .   (no cloak)
rCorr    .         Harm     .   m - +0 pair of gloves
MR       .....                  f - +0 pair of boots (curse)
Stlth    ..........             (no amulet)
HPRegen  0.09/turn              (no ring)
MPRegen  0.12/turn              (no ring)

@: mighty, berserking, flying, very quick
A: hooves 1, poison resistance
a: no special abilities


You were on level 2 of the Dungeon.
You were not hungry.

You visited 1 branch of the dungeon, and saw 2 of its levels.

You collected 28 gold pieces.

Inventory:

Armour
 a - a +0 robe (worn)
 b - a +0 hat (worn)
 f - a cursed +0 pair of boots (worn)
 m - a +0 pair of gloves (worn)
 p - a +0 pair of boots
Jewellery
 i - an uncursed ring of protection from cold {unknown}
 k - an uncursed ring of fire {unknown}
Scrolls
 l - a scroll of enchant armour {unknown}
 s - a scroll of blinking {unknown}
 t - a scroll of magic mapping {unknown}
Potions
 e - a potion of heal wounds
 g - a potion of mutation
 h - a potion of flight
 r - a potion of curing {unknown}
Books
 c - a book of Minor Magic

   Spells                             Type                      Level
   a - Magic Dart                     Conjuration                  1
   b - Blink                          Translocation                2
   c - Call Imp                       Summoning                    2
   d - Slow                           Hexes                        2
   e - Conjure Flame                  Conjuration/Fire             3
   f - Mephitic Cloud                 Conjuration/Poison/Air       3
Comestibles
 d - 4 rations
 j - 3 chunks of flesh


   Skills:
 - Level 3.0 Dodging
 - Level 3.0 Stealth
 + Level 4.8 Spellcasting
 * Level 2.6 Conjurations
   Level 1.1 Summonings
 + Level 1.2 Translocations
 + Level 0.1 Fire Magic
 + Level 0.1 Air Magic


You had 2 spell levels left.
You knew the following spells:

 Your Spells              Type           Power        Failure   Level  Hunger
a - Magic Dart            Conj           ###.         4%          1    None
b - Blink                 Tloc           N/A          11%         2    #......
c - Conjure Flame         Conj/Fire      ##......     21%         3    ##.....
d - Mephitic Cloud        Conj/Pois/Air  #.......     24%         3    ##.....


Dungeon Overview and Level Annotations

Branches:
Dungeon (2/15)

Altars:
Dithmenos
Fedhas

Annotations:
D:2 Sigmund


Innate Abilities, Weirdness & Mutations

You have large cloven feet.
Your system is resistant to poisons. (rPois)


Message History

Sigmund hits you from afar with a scythe.
Drop what? 19/52 slots (_ for help) (? for menu, Esc to quit)
Okay, then.
It was a potion of might.
You feel very mighty all of a sudden.
Sigmund hits you from afar with a scythe.
You bump into the rock wall.
You feel less confused.
Okay, then.
Casting: Conjure Flame (safe; 21% risk of failure)
Confirm with . or Enter, or press ? or * to list all spells.
You don't have enough magic to cast that spell.
It was a potion of berserk rage.
A red film seems to cover your vision as you go berserk!
You feel yourself moving faster!
You feel mighty! Sigmund barely misses you.
You feel a strong urge to attack something.
You completely miss Sigmund.
Sigmund is lightly wounded.
Sigmund hits you with a scythe!
You die...

#.##..... #.##.#.##
#### ### #### #........
..# #.. ..# ####.#.##
#.# #.#####.### #.#...
####.## #.##......##
#.##.. #.....#
#.##.......## #.....
..#.#...# #.##.##.....#
####..
........###....@@.....#
#..
...........(...#####..#
#.. .##.##...#####.#
#..# #.. #. #...#####.#
##..# #..
#......#.....#
##...#########..
#.##.#.#.....#
#.....#......... #
....#.....#
#...............
...#.#.....#
#.....#.........
.##.#.#.....#
##...#########..


You could see Sigmund.

Vanquished Creatures
  2 adders (D:2)
  2 dart slugs (D:1)
  2 leopard geckos (D:1)
  3 giant cockroaches
  3 goblins
  4 hobgoblins (D:1)
  3 kobolds
  A quokka (D:2)
  3 bats
  4 rats
27 creatures vanquished.

Notes
Turn   | Place    | Note
-------+----------+-------------------------------------------
     0 | D:1      | Ordine the Deep Elf Wizard began the quest for the Orb.
     0 | D:1      | Reached XP level 1. HP: 10/10 MP: 7/7
   239 | D:1      | Reached XP level 2. HP: 12/15 MP: 4/9
   284 | D:1      | Learned a level 2 spell: Blink
   908 | D:2      | Found a blossoming altar of Fedhas.
  1028 | D:2      | Found a shadowy altar of Dithmenos.
  1107 | D:2      | Reached XP level 3. HP: 19/19 MP: 4/11
  1112 | D:2      | Learned a level 3 spell: Conjure Flame
  1116 | D:2      | Learned a level 3 spell: Mephitic Cloud
  1380 | D:2      | Noticed Sigmund
  1407 | D:2      | Gained mutation: You have large cloven feet. [potion of mutation]
  1407 | D:2      | Gained mutation: Scrolls take you a little longer to read. [potion of mutation]
  1407 | D:2      | Lost mutation: Scrolls take you a little longer to read. [potion of mutation]
  1407 | D:2      | Gained mutation: Your system is resistant to poisons. (rPois) [potion of mutation]
  1414 | D:2      | Slain by Sigmund

Vault maps used:
D:1:      kennysheep_arrival_forest
D:2:      grunt_dithmenos_smoke_and_mirrors, overflow_temple_1_default,
          first_ration, uniq_sigmund

Skill      XL: |  1  2  3 |
---------------+----------+-----
Conjurations   | 2 |  2.6
Stealth        | 3 |  3.0
Dodging        | 3 |  3.0
Spellcasting   | |  4.8
Summonings     | |  1.1
Translocations | |  1.2
Fire Magic     | |  0.1
Air Magic      | |  0.1

Action                   || total
-------------------------++-------
Melee: Unarmed           ||     1
 Cast: Magic Dart        ||    66
       Conjure Flame     ||     2
       Mephitic Cloud    ||     1
  Use: Scroll            ||     3
       Potion            ||     5
  Eat: Chunk             ||     1
Dodge: Dodged            ||     7

Table legend:
 A = Spawn XP
 B = Non-spawn XP
 C = Spawn XP percentage of total XP
 D = Spawn monster count
 E = Non-spawn monster count
 F = Spawn count percentage of total count
 G = Total turns spent on level
                    A         B        C        D         E        F      G
               +---------+---------+-------+---------+---------+-------+---------
         Total |       0 |      76 |   0.0 |       0 |      27 |   0.0 |  1414
               +---------+---------+-------+---------+---------+-------+---------
           D:1 |       0 |      33 |   0.0 |       0 |      15 |   0.0 |   892
           D:2 |       0 |      43 |   0.0 |       0 |      12 |   0.0 |   522
               +---------+---------+-------+---------+---------+-------+---------
